 Dungeon Crawl Stone Soup version 0.28.0-45-g0d030f2227 (webtiles) character file.

Game seed: 8450850164352239757

6983 Malificent the Carver (level 10, -3/79 HPs)
             Began as a Demonspawn Arcane Marksman on Apr 18, 2022.
             Was a Priest of Makhleb.
             Collided with some lava (24 damage)
             ... caused by a swamp worm
             ... on level 1 of the Lair of Beasts.
             The game lasted 00:41:20 (8528 turns).

Malificent the Carver (Demonspawn Arcane Marksman)  Turns: 8528, Time: 00:41:21

Health: -3/79      AC: 17    Str: 20    XL:     10   Next: 81%
Magic:  13/13      EV: 12    Int: 20    God:    Makhleb [***...]
Gold:   626        SH:  0    Dex: 12    Spells: 9/14 levels left

rFire   + . .      SeeInvis .   a - +6 arbalest "Damnation" {damnation}
rCold   . . .      Faith    .   (shield currently unavailable)
rNeg    . . .      Spirit   .   v - +7 ring mail "Weukyuwk" {Str+4 Dex-5 Stlth+}
rPois   .          Reflect  .   (no helmet)
rElec   .          Harm     .   (no cloak)
rCorr   .          Rampage  .   n - +0 pair of gloves
Will    .....                   f - +2 pair of boots
Stlth   ++........              h - amulet of regeneration
HPRegen 1.03/turn               k - ring of protection from fire
MPRegen 0.13/turn               x - +6 ring of strength

@: no status effects
A: claws 1, powered by death 1, powered by pain 2, big brain 2
a: Renounce Religion, Minor Destruction, Lesser Servant of Makhleb


You were on level 1 of the Lair of Beasts.
You worshipped Makhleb.
Makhleb was most pleased with you.
You visited 3 branches of the dungeon, and saw 12 of its levels.
You also visited: Ossuary.

You collected 896 gold pieces.
You spent 270 gold pieces at shops.

Inventory:

Hand Weapons
 a - the +6 arbalest "Damnation" (weapon) {damnation}
   (You acquired it on level 7 of the Dungeon)

   Any ammunition fired from it explodes in a burst of damnation on striking a
   foe, dealing damage which bypasses armour.
 b - the +9 long sword of Buwoditt {vorpal, rPois rC+++ Will-}
   (You found it on level 2 of the Dungeon)

   It inflicts extra damage upon your enemies.
   rC:        It renders you almost immune to cold.
   rPois:     It protects you from poison.
   Will:      It decreases your willpower.
 F - a +2 hand crossbow of venom
 J - the +6 morningstar "Pyhipoba" {pain, rElec Str+7}
   (You bought it in a shop on level 7 of the Dungeon)

   In the hands of one skilled in necromantic magic, it inflicts extra damage on
   living creatures.
   Str:       It affects your strength (+7).
   rElec:     It insulates you from electricity.
Missiles
 c - 41 bolts (quivered ammo)
 g - 36 poisoned darts
 y - 2 boomerangs
Armour
 d - a +0 robe
 f - a +2 pair of boots (worn)
 n - a +0 pair of gloves (worn)
 t - an orb of light
 v - the +7 ring mail "Weukyuwk" (worn) {Str+4 Dex-5 Stlth+}
   (You found it on level 5 of the Dungeon)

   Str:       It affects your strength (+4).
   Dex:       It affects your dexterity (-5).
   Stlth:     It makes you more stealthy.
 C - the +1 chain mail of Dowdy Awe {rF+ Int+3}
   (You found it on level 5 of the Dungeon)

   Int:       It affects your intelligence (+3).
   rF:        It protects you from fire.
 G - +0 swamp dragon scales
Jewellery
 h - an amulet of regeneration (around neck)
 j - a ring of positive energy
 k - a ring of protection from fire (left hand)
 x - a +6 ring of strength (right hand)
 D - a ring of protection from cold
Wands
 H - a wand of paralysis (6)
 M - a wand of mindburst (10)
 O - a wand of flame (9)
Scrolls
 o - 4 scrolls of fear
 p - a scroll of blinking
 s - 3 scrolls of fog
 u - 2 scrolls of amnesia
 E - 2 scrolls of silence {unknown}
 K - a scroll of teleportation
 N - a scroll of magic mapping {unknown}
 Q - a scroll of enchant armour
Potions
 e - 2 potions of lignification
 i - 3 potions of curing
 l - 2 potions of heal wounds
 m - a potion of brilliance
 q - 4 potions of magic
 r - a potion of might
 w - 2 potions of mutation
 z - a potion of ambrosia
 A - a potion of haste
 B - a potion of resistance {unknown}
 P - a potion of invisibility {unknown}
 R - a potion of flight {unknown}
Miscellaneous
 I - a piece from Xom's chessboard (15/15)
 L - a phantom mirror


   Skills:
 * Level 7.0 Fighting
 * Level 10.4 Long Blades
 + Level 3.2 Crossbows
 + Level 0.6 Throwing
 * Level 5.0 Armour
 * Level 4.1 Dodging
 - Level 2.2 Stealth
 - Level 2.6 Spellcasting
 - Level 4.3 Hexes
 * Level 0.1 Necromancy
 * Level 4.5 Invocations
 + Level 0.4 Evocations


You had 9 spell levels left.
You knew the following spells:

 Your Spells              Type           Power      Damage    Failure   Level
a - Slow                  Hex            76%        N/A       4%          1
b - Cause Fear            Hex            9%         N/A       38%         4

Your spell library contained the following spells:

 Spells                   Type           Power      Damage    Failure   Level
 Confusing Touch          Hex            19%        N/A       12%         3
 Summon Small Mammal      Summ           8%         N/A       24%         1
 Dazzling Flash           Conj/Hex       22%        N/A       30%         3
 Inner Flame              Hex/Fire       11%        N/A       30%         3
 Portal Projectile        Hex/Tloc       22%        N/A       30%         3
 Summon Guardian Golem    Hex/Summ       11%        N/A       30%         3
 Call Canine Familiar     Summ           2%         N/A       58%         3
 Gell's Gravitas          Tloc           2%         N/A       58%         3
 Ozocubu's Armour         Ice            2%         N/A       58%         3
 Teleport Other           Tloc           2%         N/A       58%         3
 Silence                  Hex/Air        5%         N/A       95%         5
 Yara's Violent Unravell  Hex/Tmut       5%         3d4       95%         5
 Agony                    Necr           3%         N/A       99%         5
 Freezing Cloud           Conj/Ice/Air   1%         6-21      100%        5
 Dispersal                Tloc           1%         N/A       100%        6
 Simulacrum               Ice/Necr       1%         N/A       100%        6
 Enfeeble                 Hex            9%         N/A       100%        7
 Ozocubu's Refrigeration  Ice            1%         4d5       100%        7
 Polar Vortex             Ice            1%         N/A       100%        9


Dungeon Overview and Level Annotations

Branches:
Dungeon (9/15)             Temple (1/1) D:4            Lair (2/6) D:9
Ossuary (visited)
  Swamp: Lair:2-4    Shoals: Lair:2-4     Snake: Lair:2-4    Spider: Lair:2-4
    Orc: D:9-12

Altars:
Ashenzari
Cheibriados
Dithmenos
Elyvilon
Makhleb
Qazlal
Vehumet
Xom
Zin
The Shining One

Shops:
D:1 ?   D:7 (

Annotations:
Lair:1 1 transporter


Innate Abilities, Weirdness & Mutations

You have sharp fingernails.
You regenerate a little health from kills.
You sometimes gain power by taking damage.
You have an extremely huge brain. (Int +4)


Message History

The swamp worm fires a harpoon shot at you.
The harpoon shot hits you.
You are yanked forward by the harpoon shot.
You violently stop moving!
a - the +6 arbalest "Damnation" (weapon)
{damnation} The swamp worm fires a harpoon shot at you.
The harpoon shot hits you.
You are yanked forward by the harpoon shot.
You violently stop moving!
Fire: 44 bolts
Press: ? - help, Q - select action, (/) - cycle Shift-Dir - straight line, f/p - swamp worm
Aim: a swamp worm (62% to hit)
You shoot a damnation bolt.
The damnation bolt completely misses the swamp worm.
The swamp worm fires a harpoon shot at you.
The harpoon shot hits you but does no damage.
Fire: 43 bolts
Press: ? - help, Q - select action, (/) - cycle Shift-Dir - straight line, f/p - swamp worm
Aim: a swamp worm (black smoke, 62% to hit)
You shoot a damnation bolt.
The damnation bolt closely misses the swamp worm.
The swamp worm fires a harpoon shot at you.
The harpoon shot misses you.
Fire: 42 bolts
Press: ? - help, Q - select action, (/) - cycle Shift-Dir - straight line, f/p - swamp worm
Aim: a swamp worm (62% to hit)
You shoot a damnation bolt. The damnation bolt hits the swamp worm!
The swamp worm is heavily wounded.
The damnation bolt explodes!
The damnation engulfs the swamp worm!
The swamp worm is almost dead.
The swamp worm fires a harpoon shot at you.
The harpoon shot hits you!
You are yanked forward by the harpoon shot.
You violently stop moving!
The swamp worm fires a harpoon shot at you.
The harpoon shot hits you!
* * * LOW HITPOINT WARNING * * *
You are yanked forward by the harpoon shot.
You violently stop moving!
You die...

.###P................###
...######...........## ..##
##..........###
..#####..#########.P#
..#......##w#w#†##..#
......####§≈#≈§≈≈##.## ##
####..#[)#PP○PPP.P#..# ######.
##.©#©$+○^^^^^^©#©.# ##P.....
#...#=/#PPP○PP@P#..# ##.......
##..####≈≈≈#≈§≈##..#
##........
#.....#w#♣#w#♣#...###.........
###P.##########...##..........
####..........#.............
##.##.##.(...............
##.###...................
#.......#................
#####..##................


You could see 4 swamp worms.

Vanquished Creatures
  Pikel (D:4)
  Psyche (D:9)
  Maggie (D:9)
  4 yaks (D:9)
  A wyvern (D:9)
  Grum (D:9)
  A swamp worm (Lair:1)
  3 water moccasins
  3 black bears
  An orc warrior (D:9)
  3 sky beasts
  3 necrophages
  4 wolves (D:9)
  5 ogres
  4 centaurs
  3 phantoms
  4 kobold brigands
  3 bullfrogs
  2 gnoll sergeants (D:7)
  A wyvern skeleton (D:6)
  A wyvern zombie (D:8)
  A water moccasin skeleton (D:4)
  3 killer bees (D:9)
  13 wights
  A centaur zombie (D:7)
  6 orc priests
  7 hounds
  A gnoll shaman (D:7)
  2 human zombies (Ossuary)
  A jelly (D:6)
  A bullfrog skeleton (D:5)
  An iguana (D:6)
  4 orc wizards
  2 hound zombies (D:5)
  7 mummies
  A hound skeleton (D:5)
  A howler monkey zombie (D:9)
  16 gnolls
  8 adders
  A white imp (D:6)
  An adder skeleton (D:4)
  3 worms
  A dart slug (D:3)
  24 orcs
  3 bats
  7 endoplasms
  2 giant cockroaches
  6 goblins
  7 hobgoblins
  4 jackals (D:7)
  4 quokkas
  4 ball pythons
  A frilled lizard (D:3)
  2 gnoll zombies (Ossuary)
  2 goblin zombies (Ossuary)
  A hobgoblin zombie (Ossuary)
  10 kobolds
  A kobold zombie (Ossuary)
  A rat (D:1)
  A briar patch (Lair:1)
212 creatures vanquished.

Vanquished Creatures (others)
  2 kobolds (D:9)
  A briar patch (Lair:1)
  A fungus (Lair:2)
  A plant (Lair:1)
  4 withered plants (D:8)
9 creatures vanquished.

Grand Total: 221 creatures vanquished

Notes
Turn   | Place    | Note
-------+----------+-------------------------------------------
     0 | D:1      | Malificent the Demonspawn Arcane Marksman began the quest
                  | for the Orb.
     0 | D:1      | Reached XP level 1. HP: 15/15 MP: 2/2
   291 | D:1      | Found Paps's Magic Scroll Boutique.
   410 | D:1      | Gained mutation: You regenerate a little health from kills.
                  | [demonic ancestry]
   410 | D:1      | Reached XP level 2. HP: 19/21 MP: 1/3
   532 | D:2      | Found a faded altar of an unknown god.
  1017 | D:2      | Reached XP level 3. HP: 26/26 MP: 4/4
  1045 | D:2      | Identified the +9 long sword of Buwoditt {vorpal, rPois
                  | rC+++ Will-}
  1624 | D:3      | Reached skill level 1 in Long Blades
  1624 | D:3      | Reached XP level 4. HP: 30/33 MP: 6/6
  2046 | D:4      | Gained mutation: You have an unusually large brain. (Int
                  | +2) [demonic ancestry]
  2046 | D:4      | Reached XP level 5. HP: 39/39 MP: 7/7
  2127 | D:4      | Noticed a lemure
  2130 | D:4      | Noticed Pikel
  2130 | D:4      | Noticed a lemure
  2132 | D:4      | Noticed a lemure
  2133 | D:4      | Noticed a lemure
  2139 | D:4      | Killed Pikel
  2140 | D:4      | Reached skill level 4 in Long Blades
  2140 | D:4      | Reached skill level 1 in Stealth
  2140 | D:4      | Gained mutation: You have an extremely huge brain. (Int +4)
                  | [demonic ancestry]
  2140 | D:4      | Reached XP level 6. HP: 47/47 MP: 8/8
  2140 | D:4      | Gained mutation: You sometimes gain a little power by
                  | taking damage. [demonic ancestry]
  2140 | D:4      | Reached XP level 7. HP: 52/52 MP: 9/9
  2278 | D:4      | Found a sand-covered staircase.
  2298 | Ossuary  | Entered an ossuary
  2778 | D:4      | Learned a level 4 spell: Cause Fear
  2882 | D:4      | Reached skill level 5 in Long Blades
  3162 | D:4      | Found a staircase to the Ecumenical Temple.
  3182 | Temple   | Entered the Ecumenical Temple
  3314 | Temple   | Became a worshipper of Makhleb the Destroyer
  3460 | D:4      | Identified a scroll of acquirement
  3460 | D:4      | Acquired 445 gold pieces
  3596 | D:5      | Entered Level 5 of the Dungeon
  3607 | D:5      | Reached XP level 8. HP: 59/60 MP: 10/10
  3769 | D:5      | Reached skill level 6 in Long Blades
  3810 | D:5      | Identified the +7 ring mail "Weukyuwk" {Str+4 Dex-5 Stlth+}
  4101 | D:5      | Reached * piety under Makhleb
  4117 | D:5      | Reached skill level 1 in Armour
  4290 | D:5      | Identified the +1 chain mail of Dowdy Awe {rF+ Int+3}
  4431 | D:6      | Reached skill level 7 in Long Blades
  4541 | D:6      | Gained mutation: You sometimes gain power by taking damage.
                  | [demonic ancestry]
  4541 | D:6      | Reached XP level 9. HP: 61/66 MP: 12/12
  4564 | D:6      | Reached skill level 1 in Invocations
  4665 | D:6      | You fall into a shaft and drop 1 floor!
  4786 | D:7      | Reached skill level 5 in Fighting
  4786 | D:7      | Reached skill level 8 in Long Blades
  4864 | D:6      | Identified the +6 scale mail of Insatiable Hunger {Harm}
  5081 | D:6      | Reached ** piety under Makhleb
  5181 | D:7      | Found Duokku's Antique Weapon Shop.
  5205 | D:7      | Found a shimmering altar of Xom.
  5587 | D:7      | Acquired the +6 arbalest "Damnation" {damnation}
  5587 | D:7      | Found the +6 arbalest "Damnation" {damnation}
  6047 | D:8      | Reached skill level 9 in Long Blades
  6080 | D:8      | Gained mutation: You have sharp fingernails. [demonic
                  | ancestry]
  6080 | D:8      | Reached XP level 10. HP: 36/76 MP: 13/13
  6408 | D:8      | Found a stormy altar of Qazlal.
  6481 | D:8      | Reached *** piety under Makhleb
  6782 | D:9      | Found a staircase to the Lair.
  6892 | D:9      | Noticed Grum
  6918 | D:9      | Killed Grum
  6924 | D:9      | Reached skill level 10 in Long Blades
  7032 | D:9      | Noticed Psyche
  7043 | D:9      | Noticed Maggie
  7045 | D:9      | Killed Psyche
  7070 | D:9      | Killed Maggie
  7071 | D:9      | Reached skill level 5 in Armour
  7381 | D:9      | Reached **** piety under Makhleb
  7609 | D:7      | Bought an ancient morningstar for 270 gold pieces
  7609 | D:7      | Identified the +6 morningstar "Pyhipoba" {pain, rElec
                  | Str+7} (You bought it in a shop on level 7 of the Dungeon)
  7695 | Lair:1   | Entered Level 1 of the Lair of Beasts
  7736 | Lair:1   | Found a transporter.
  7749 | Lair:1   | You fall into a shaft and drop 1 floor!
  7909 | Lair:1   | Found a transporter.
  8528 | Lair:1   | Collided with some lava

Illustrated notes

Levels and vault maps discovered:
D:1:      dpeg_arrival_arbitrary_a, layout_rooms, serial_shops, shop
D:2:      layout_basic, hellmonk_ecumenical_altar_heavens_door
D:3:      layout_loops_ring, minmay_misc_feat_x, nicolae_figureground_sparkle
D:4:      layout_layer_cave, minmay_temple_entry_statues_fountains,
          enter_ossuary_1, uniq_pikel
D:5:      layout_loops_ring
D:6:      layout_rooms
D:7:      layout_cave_pools, mainiacjoe_overflow_small_starburst,
          serial_gnoll_camp, gnoll_camp_mini_basic, gnoll_camp_mini_basic,
          gnoll_camp_mini_shop, gnoll_camp_mini_doghouse, gnoll_camp_mini_hut,
          minmay_misc_feat_five, kennysheep_generic_room_16
D:8:      layout_loops_cross, mainiacjoe_overflow_alcove_1, serial_undead,
          serial_undead_e, serial_undead_b, serial_undead_c, serial_undead_a,
          nicolae_sextant
D:9:      layout_loops_ring, lair_entry_dummy, uniq_psyche, uniq_maggie,
          uniq_grum
Temple:   mainiacjoe_temple_big_plus
Lair:1:   gammafunk_worm_tunnel, layout_cave_pods
Lair:2:   layout_concentric_octagons, grunt_megastairs_4

Skill      XL: |  1  2  3  4  5  6  7  8  9 10 |
---------------+-------------------------------+-----
Crossbows      | 2 3 |  3.2
Dodging        | 2 3 4 |  4.1
Fighting       | 2 3 4 5 7 |  7.0
Long Blades    | 1 4 5 7 9 10 | 10.4
Stealth        | 1 2 |  2.2
Spellcasting   | 2 |  2.6
Hexes          | 4 |  4.3
Armour         | 2 4 5 |  5.0
Invocations    | 3 4 |  4.5
Throwing       | |  0.6
Necromancy     | |  0.1
Evocations     | |  0.4

Action                   |  1- 3 |  4- 6 |  7- 9 | 10-12 || total
-------------------------+-------+-------+-------+-------++-------
Melee: Long sword        |    23 |    30 |   256 |   145 ||   454
 Fire: Hand crossbow     |    55 |       |       |       ||    55
       Arbalest          |       |       |       |     4 ||     4
Throw: Dart              |     4 |     2 |       |       ||     6
       Boomerang         |       |       |       |     2 ||     2
 Cast: Slow              |     6 |       |       |       ||     6
Evoke: Wand              |       |     2 |     5 |       ||     7
  Use: Scroll            |     3 |     2 |    16 |     2 ||    23
       Potion            |       |       |     3 |       ||     3
 Stab: Sleeping          |     1 |     1 |     4 |       ||     6
Armor: Robe              |     8 |     6 |     9 |       ||    23
       Ring mail         |       |       |   101 |    73 ||   174
Dodge: Dodged            |    23 |    24 |   154 |    93 ||   294
